Canadiens vs Red Wings

Created - 3 février 2022 at 16:30

Goals
1 2 3 T
Canadiens 0 0 1 1
Red Wings 2 0 1 3
Shots
1 2 3 T
Canadiens 8 8 17 33
Red Wings 13 9 5 27

GoalsPenalties
1st period
1. Red Wings , Darnell Nurse 10 (Gustav Nyquist 14, Jakob Chychrun 25) at 6:26 (PP)
2. Red Wings , Jakub Vrana 15 (Conor Garland 22, Jakob Chychrun 26) at 15:08 (PP)
Radek Faksa (MON) for Slashing (Minor) at 5:20
Brandon Carlo (MON) for Holding (Minor) at 14:39
2nd period
No Goal
Kasperi Kapanen (MON) for Cross-checking (Minor) at 5:27
Darnell Nurse (DET) for Interference (Minor) at 9:19
Radek Faksa (MON) for Holding Stick (Minor) at 12:55
Auston Matthews (MON) for Roughing (Minor) at 16:37
3rd period
3. Canadiens , Zach Hyman 12 (Auston Matthews 39, Mitch Marner 47) at 0:39
4. Red Wings , Miles Wood 10 (Sean Couturier 31, Darnell Nurse 44) at 19:13 (Empty Net)
Brandon Carlo (MON) for Hooking (Minor) at 8:42
Goalie Stats
Frederik Andersen (MON), 24 saves from 26 shots - (0,923), L, 12-4-2, 59:48 minutes
Vitek Vanecek (DET), 32 saves from 33 shots - (0,970), W, 16-12-1, 60:00 minutes
3 StarsOfficial
1 - Vitek Vanecek (DET)
2 - Darnell Nurse (DET)
3 - Miles Wood (DET)
Referees : Graham Skiliter and Dennis LaRue
Linesman : Ryan Galloway and Thor Nelson
Game Note
Miles Wood has scored in a empty net!



Team Name Goals Shots Shots Attemp Shots Blocked PIM HIT PP PK FO%
Canadiens 133601512220 / 1 (0%)242%
Red Wings 3277582192 / 6 (33%)058%

Canadiens
Player Name POS G A P +/- PIM HIT SHT SB MP PP MP PP SHT PK MP PK SHT FO% FOT
Adam HenriqueC/LW0000011016:000:4902:5500% 3
Andrew CoppC/LW000002109:390:0000:00027% 11
Auston MatthewsC/LW0110202016:011:1000:00038% 21
Brandon CarloD0000411119:380:0004:1600% 0
Brayden SchennC/LW/RW0000032012:531:1000:00056% 16
Carson SoucyD0001030721:340:0005:5300% 0
Clayton KellerLW/RW0000004012:320:4900:0000% 0
Colton SceviourC0000022214:000:0004:21040% 10
Jake MuzzinD0000011020:121:1003:3800% 0
Joakim NordstromC/LW/RW0000021013:420:0004:0310% 2
John CarlsonD0000003219:380:4900:4900% 0
Jonathan HuberdeauLW000-1004013:051:1010:0000% 2
Kasperi KapanenLW/RW0000224116:420:0004:2700% 1
Mitch MarnerRW0110012016:021:1010:0000% 0
Morgan RiellyD000-1010119:020:4900:4800% 0
Radek FaksaC0000421015:300:0003:16064% 14
T.J. BrodieD0000000118:440:0003:3800% 0
Zach HymanLW/RW1011014015:290:4900:000100% 1
Red Wings
Player Name POS G A P +/- PIM HIT SHT SB MP PP MP PP SHT PK MP PK SHT FO% FOT
Conor GarlandLW/RW0110000017:405:1700:0000% 1
Danny DeKeyserD0000031017:250:5001:0200% 0
Darnell NurseD1121241121:574:3210:0000% 0
Derick BrassardC/RW0000000013:300:0000:00057% 14
Drake CaggiulaC/LW/RW000101209:250:0001:010100% 1
Dustin BrownRW0000002116:453:1500:00067% 3
Gustav NyquistC/LW/RW0110024016:374:1410:00056% 18
Jack JohnsonD0000030218:310:5000:5700% 0
Jakob ChychrunD0220011122:434:3210:5700% 0
Jakub VranaLW/RW101-1004019:305:1720:0000% 0
Kyle TurrisC/LW/RW000000108:120:0000:00067% 9
Miles WoodLW1011013014:400:0000:5800% 0
Nino NiederreiterLW/RW0000002014:230:5901:0100% 1
Oliver Ekman-LarssonD000-1012020:424:0921:0200% 0
Sean CouturierC0110003120:405:1720:58058% 31
Sean WalkerD0000010218:414:0900:0000% 0
Tyler BertuzziLW/RW000-1020018:274:1400:00050% 2
Tyler EnnisC/LW/RW000000108:120:0000:000100% 1

Canadiens

5 vs 5 Forward
Line #Left WingCenterRight WingPHYDFOFWanted %Time %Time Play
1Zach HymanAuston MatthewsMitch Marner0233030%14:40
2Jonathan HuberdeauBrayden SchennClayton Keller0232524%11:43
3Adam HenriqueRadek FaksaKasperi Kapanen0232525%12:16
4Colton SceviourAndrew CoppJoakim Nordstrom1222020%9:39
5 vs 5 Defense
Line #DefenseDefensePHYDFOFWanted %Time %Time Play
1John CarlsonCarson Soucy0233432%15:41
2Jake MuzzinBrandon Carlo0323332%15:24
3T.J. BrodieMorgan Rielly1223331%15:06
4John CarlsonMorgan Rielly12204%2:07
Power Play Forward
Line #Left WingCenterRight WingPHYDFOFWanted %Time %Time Play
1Jonathan HuberdeauAuston MatthewsMitch Marner0145059%1:10
2Zach HymanAdam HenriqueClayton Keller0145041%0:49
Power Play Defense
Line #DefenseDefensePHYDFOFWanted %Time %Time Play
1John CarlsonMorgan Rielly0145041%0:49
2Jake MuzzinBrayden Schenn0145059%1:10
Penalty Kill 4 Players Forward
Line #CenterWingPHYDFOFWanted %Time %Time Play
1Radek FaksaKasperi Kapanen0415057%5:28
2Colton SceviourJoakim Nordstrom0415043%4:03
Penalty Kill 4 Players Defense
Line #DefenseDefensePHYDFOFWanted %Time %Time Play
1Jake MuzzinT.J. Brodie0415038%3:38
2Brandon CarloCarson Soucy0415062%5:53
Penalty Kill 3 Players
Line #WingPHYDFOFWanted %Time %Time PlayDefenseDefensePHYDFOFWanted %Time %Time Play
1Radek Faksa050500%0:00 Carson SoucyBrandon Carlo050500%0:00
2Andrew Copp050500%0:00 Jake MuzzinT.J. Brodie050500%0:00
4 vs 4 Forward
Line #CenterWingPHYDFOFWanted %Time %Time Play
1Auston MatthewsMitch Marner023500%0:00
2Brayden SchennJonathan Huberdeau023500%0:00
4 vs 4 Defense
Line #DefensePHYDFOFWanted %Time %Time Play
1John CarlsonCarson Soucy032500%0:00
2T.J. BrodieMorgan Rielly032500%0:00
Last Minutes Offensive
Left WingCenterRight WingDefenseDefense
Jonathan HuberdeauAuston MatthewsMitch MarnerJohn CarlsonMorgan Rielly
Last Minutes Defensive
Left WingCenterRight WingDefenseDefense
Andrew CoppRadek FaksaJoakim NordstromJake MuzzinBrandon Carlo
Time
Total ForwardTotal DefenseLast Minutes OffensiveLast Minutes Defensive
60:00 60:00 0:120:00
Extra Forwards
Normal PowerPlayPenalty Kill
Clayton Keller, Kasperi Kapanen, Radek FaksaClayton Keller, Kasperi KapanenColton Sceviour
Extra Defensemen
Normal PowerPlayPenalty Kill
T.J. Brodie, Carson Soucy, Brandon CarloCarson Soucy, Morgan RiellyJohn Carlson
Penalty Shots
Auston Matthews, Clayton Keller, Jonathan Huberdeau, Kasperi Kapanen, Zach Hyman
Goalie
Frederik Andersen, Cam Talbot
Custom OT Lines Forwards
Auston Matthews, Mitch Marner, Jonathan Huberdeau, Brayden Schenn, Andrew Copp, Clayton Keller, Zach Hyman, Radek Faksa, Kasperi Kapanen, Adam Henrique
Custom OT Lines Defensemen
John Carlson, Morgan Rielly, Jake Muzzin, Brandon Carlo, Carson Soucy
Scratches
Matt Roy (Healthy), Egor Korshkov (Healthy), Lucas Wallmark (Healthy)

Red Wings

5 vs 5 Forward
Line #Left WingCenterRight WingPHYDFOFWanted %Time %Time Play
1Jakub VranaSean CouturierTyler Bertuzzi1133029%14:13
2Nino NiederreiterGustav NyquistConor Garland1132726%12:23
3Miles WoodDerick BrassardDustin Brown1222728%13:30
4Tyler EnnisKyle TurrisDrake Caggiula1221617%8:12
5 vs 5 Defense
Line #DefenseDefensePHYDFOFWanted %Time %Time Play
1Darnell NurseJakob Chychrun1223636%17:14
2Oliver Ekman-LarssonJack Johnson0323634%16:32
3Sean WalkerDanny DeKeyser1222830%14:32
4Darnell NurseJakob Chychrun12200%0:00
Power Play Forward
Line #Left WingCenterRight WingPHYDFOFWanted %Time %Time Play
1Conor GarlandSean CouturierJakub Vrana0055256%5:17
2Tyler BertuzziGustav NyquistDustin Brown0054844%4:14
Power Play Defense
Line #DefenseDefensePHYDFOFWanted %Time %Time Play
1Darnell NurseJakob Chychrun0145048%4:32
2Oliver Ekman-LarssonSean Walker0145052%4:59
Penalty Kill 4 Players Forward
Line #CenterWingPHYDFOFWanted %Time %Time Play
1Sean CouturierMiles Wood1135249%0:58
2Drake CaggiulaNino Niederreiter1134851%1:01
Penalty Kill 4 Players Defense
Line #DefenseDefensePHYDFOFWanted %Time %Time Play
1Darnell NurseJack Johnson1135248%0:57
2Oliver Ekman-LarssonDanny DeKeyser1134852%1:02
Penalty Kill 3 Players
Line #WingPHYDFOFWanted %Time %Time PlayDefenseDefensePHYDFOFWanted %Time %Time Play
1Sean Couturier050500%0:00 Darnell NurseJack Johnson050520%0:00
2Drake Caggiula050500%0:00 Oliver Ekman-LarssonDanny DeKeyser050480%0:00
4 vs 4 Forward
Line #CenterWingPHYDFOFWanted %Time %Time Play
1Sean CouturierJakub Vrana023500%0:00
2Tyler BertuzziConor Garland023500%0:00
4 vs 4 Defense
Line #DefensePHYDFOFWanted %Time %Time Play
1Darnell NurseOliver Ekman-Larsson023500%0:00
2Jakob ChychrunSean Walker023500%0:00
Last Minutes Offensive
Left WingCenterRight WingDefenseDefense
Jakub VranaSean CouturierConor GarlandDarnell NurseJakob Chychrun
Last Minutes Defensive
Left WingCenterRight WingDefenseDefense
Miles WoodSean CouturierDrake CaggiulaDarnell NurseJack Johnson
Time
Total ForwardTotal DefenseLast Minutes OffensiveLast Minutes Defensive
60:00 60:00 0:000:12
Extra Forwards
Normal PowerPlayPenalty Kill
Sean Couturier, Conor Garland, Tyler BertuzziNino Niederreiter, Derick BrassardDerick Brassard
Extra Defensemen
Normal PowerPlayPenalty Kill
Darnell Nurse, Oliver Ekman-Larsson, Jakob ChychrunOliver Ekman-Larsson, Jakob ChychrunDarnell Nurse
Penalty Shots
Sean Couturier, Tyler Bertuzzi, Conor Garland, Nino Niederreiter, Miles Wood
Goalie
Vitek Vanecek, Calvin Petersen
Custom OT Lines Forwards
Sean Couturier, Tyler Bertuzzi, Jakub Vrana, Conor Garland, Gustav Nyquist, Nino Niederreiter, Dustin Brown, Miles Wood, Derick Brassard, Drake Caggiula
Custom OT Lines Defensemen
Darnell Nurse, Jakob Chychrun, Oliver Ekman-Larsson, Sean Walker, Danny DeKeyser
Scratches
Zack Kassian (Healthy), Slater Koekkoek (Healthy), Mason Marchment (Healthy)


Play-by-Play

1st period


0:01 of 1st period - Sean Couturier wins face-off versus Auston Matthews in neutral zone.
0:14 of 1st period - Shot by Jakub Vrana.
0:14 of 1st period - Stopped by Frederik Andersen without a rebound.
0:15 of 1st period - Brayden Schenn wins face-off versus Gustav Nyquist in Canadiens zone.
0:24 of 1st period - Shot by Clayton Keller.
0:24 of 1st period - Stopped by Vitek Vanecek without a rebound.
0:25 of 1st period - Derick Brassard wins face-off versus Radek Faksa in Red Wings zone.
0:30 of 1st period - Shot by Miles Wood.
0:30 of 1st period - Stopped by Frederik Andersen without a rebound.
0:31 of 1st period - Kyle Turris wins face-off versus Andrew Copp in Canadiens zone.
2:44 of 1st period - Shot by Auston Matthews.
2:44 of 1st period - Stopped by Vitek Vanecek with a rebound.
2:54 of 1st period - Shot by Conor Garland.
2:54 of 1st period - Shot Hit the Post.
2:56 of 1st period - Shot by Darnell Nurse.
2:56 of 1st period - Shot Hit the Post.
2:58 of 1st period - Shot by Nino Niederreiter.
2:58 of 1st period - Stopped by Frederik Andersen without a rebound.
2:59 of 1st period - Brayden Schenn wins face-off versus Sean Couturier in Canadiens zone.
4:10 of 1st period - Shot by Jakob Chychrun.
4:10 of 1st period - Shot Misses the Net.
4:12 of 1st period - Shot by Gustav Nyquist.
4:12 of 1st period - Stopped by Frederik Andersen without a rebound.
4:13 of 1st period - Auston Matthews wins face-off versus Kyle Turris in Canadiens zone.
4:39 of 1st period - Oliver Ekman-Larsson is hit by Zach Hyman and loses puck.
4:51 of 1st period - Shot by Auston Matthews.
4:51 of 1st period - Stopped by Vitek Vanecek without a rebound.
4:52 of 1st period - Radek Faksa wins face-off versus Gustav Nyquist in Red Wings zone.
5:19 of 1st period - Shot by Kasperi Kapanen.
5:19 of 1st period - Shot Misses the Net.
5:20 of 1st period - Minor Penalty to Radek Faksa for Slashing.
5:21 of 1st period - Sean Couturier wins face-off versus Colton Sceviour in Canadiens zone.
5:22 of 1st period - Shot by Oliver Ekman-Larsson.
5:22 of 1st period - Shot Blocked by Colton Sceviour.
5:24 of 1st period - Shot by Conor Garland.
5:24 of 1st period - Shot Blocked by Colton Sceviour.
5:26 of 1st period - Shot by Jakub Vrana.
5:26 of 1st period - Shot Misses the Net.
5:32 of 1st period - Shot by Jakub Vrana.
5:32 of 1st period - Shot Blocked by Brandon Carlo.
5:34 of 1st period - Shot by Sean Couturier.
5:34 of 1st period - Stopped by Frederik Andersen with a rebound.
5:36 of 1st period - Shot by Jakub Vrana.
5:36 of 1st period - Shot Misses the Net.
5:38 of 1st period - Shot by Sean Walker.
5:38 of 1st period - Shot Misses the Net.
5:40 of 1st period - Shot by Oliver Ekman-Larsson.
5:40 of 1st period - Shot Misses the Net.
5:42 of 1st period - Shot by Oliver Ekman-Larsson.
5:42 of 1st period - Stopped by Frederik Andersen with a rebound.
5:44 of 1st period - Shot by Jakub Vrana.
5:44 of 1st period - Stopped by Frederik Andersen without a rebound.
5:45 of 1st period - Colton Sceviour wins face-off versus Dustin Brown in Canadiens zone.
6:26 of 1st period - Shot by Darnell Nurse.
6:26 of 1st period - Goal by Darnell Nurse - Canadiens : 0 - Red Wings : 1.
6:27 of 1st period - Kyle Turris wins face-off versus Brayden Schenn in neutral zone.
6:52 of 1st period - Shot by Jack Johnson.
6:52 of 1st period - Shot Blocked by John Carlson.
7:02 of 1st period - Shot by Clayton Keller.
7:02 of 1st period - Shot Misses the Net.
7:04 of 1st period - Shot by John Carlson.
7:04 of 1st period - Stopped by Vitek Vanecek with a rebound.
7:06 of 1st period - Shot by John Carlson.
7:06 of 1st period - Stopped by Vitek Vanecek without a rebound.
7:07 of 1st period - Auston Matthews wins face-off versus Sean Couturier in Red Wings zone.
7:34 of 1st period - Shot by Auston Matthews.
7:34 of 1st period - Shot Blocked by Sean Couturier.
7:36 of 1st period - Shot by Zach Hyman.
7:36 of 1st period - Shot Misses the Net.
8:24 of 1st period - Shot by Andrew Copp.
8:24 of 1st period - Shot Blocked by Sean Walker.
8:43 of 1st period - Miles Wood is hit by Carson Soucy and loses puck.
8:58 of 1st period - Sean Walker is hit by Joakim Nordstrom.
9:27 of 1st period - Icing by T.J. Brodie.
9:28 of 1st period - Kyle Turris wins face-off versus Radek Faksa in Canadiens zone.
9:49 of 1st period - Jack Johnson is hit by Kasperi Kapanen and loses puck.
10:02 of 1st period - Shot by Kasperi Kapanen.
10:02 of 1st period - Stopped by Vitek Vanecek without a rebound.
10:03 of 1st period - Brayden Schenn wins face-off versus Conor Garland in Red Wings zone.
10:03 of 1st period - Brandon Carlo is hit by Jakob Chychrun and loses puck.
10:22 of 1st period - Shot by Gustav Nyquist.
10:22 of 1st period - Stopped by Frederik Andersen without a rebound.
10:23 of 1st period - Auston Matthews wins face-off versus Sean Couturier in Canadiens zone.
10:27 of 1st period - Mitch Marner is hit by Danny DeKeyser and loses puck.
10:33 of 1st period - Jakub Vrana is hit by Carson Soucy and loses puck.
11:03 of 1st period - Zach Hyman is hit by Sean Walker and loses puck.
11:44 of 1st period - Shot by Jonathan Huberdeau.
11:44 of 1st period - Shot Misses the Net.
12:35 of 1st period - Jonathan Huberdeau is hit by Jack Johnson and loses puck.
13:02 of 1st period - Radek Faksa is hit by Gustav Nyquist and loses puck.
13:23 of 1st period - Oliver Ekman-Larsson is hit by Adam Henrique and loses puck.
13:29 of 1st period - Icing by Jack Johnson.
13:30 of 1st period - Gustav Nyquist wins face-off versus Andrew Copp in Red Wings zone.
13:39 of 1st period - Shot by Andrew Copp.
13:39 of 1st period - Stopped by Vitek Vanecek without a rebound.
13:40 of 1st period - Sean Couturier wins face-off versus Auston Matthews in Red Wings zone.
13:48 of 1st period - Off-side.
13:49 of 1st period - Sean Couturier wins face-off versus Radek Faksa in neutral zone.
14:03 of 1st period - Shot by Radek Faksa.
14:03 of 1st period - Shot Misses the Net.
14:05 of 1st period - Shot by Kasperi Kapanen.
14:05 of 1st period - Stopped by Vitek Vanecek without a rebound.
14:06 of 1st period - Derick Brassard wins face-off versus Andrew Copp in Red Wings zone.
14:06 of 1st period - Derick Brassard is hit by Andrew Copp.
14:09 of 1st period - Icing by Miles Wood.
14:10 of 1st period - Andrew Copp wins face-off versus Derick Brassard in Red Wings zone.
14:14 of 1st period - Icing by Sean Walker.
14:15 of 1st period - Dustin Brown wins face-off versus Andrew Copp in Red Wings zone.
14:15 of 1st period - Dustin Brown is hit by Andrew Copp.
14:29 of 1st period - Shot by Miles Wood.
14:29 of 1st period - Shot Misses the Net.
14:31 of 1st period - Shot by Miles Wood.
14:31 of 1st period - Shot Misses the Net.
14:39 of 1st period - Shot by Miles Wood.
14:39 of 1st period - Stopped by Frederik Andersen without a rebound.
14:39 of 1st period - Minor Penalty to Brandon Carlo for Holding.
14:40 of 1st period - Radek Faksa wins face-off versus Sean Couturier in Canadiens zone.
14:46 of 1st period - Icing by Conor Garland.
14:47 of 1st period - Colton Sceviour wins face-off versus Sean Couturier in Red Wings zone.
15:04 of 1st period - Shot by Jakob Chychrun.
15:04 of 1st period - Shot Blocked by T.J. Brodie.
15:06 of 1st period - Shot by Conor Garland.
15:06 of 1st period - Shot Misses the Net.
15:08 of 1st period - Shot by Jakub Vrana.
15:08 of 1st period - Goal by Jakub Vrana - Canadiens : 0 - Red Wings : 2.
15:09 of 1st period - Derick Brassard wins face-off versus Auston Matthews in neutral zone.
15:16 of 1st period - Shot by Oliver Ekman-Larsson.
15:16 of 1st period - Shot Misses the Net.
15:18 of 1st period - Shot by Dustin Brown.
15:18 of 1st period - Stopped by Frederik Andersen without a rebound.
15:19 of 1st period - Radek Faksa wins face-off versus Tyler Bertuzzi in Canadiens zone.
15:19 of 1st period - Radek Faksa is hit by Tyler Bertuzzi.
15:29 of 1st period - Sean Couturier is hit by Radek Faksa and loses puck.
17:34 of 1st period - Shot by Derick Brassard.
17:34 of 1st period - Shot Misses the Net.
17:36 of 1st period - Shot by Miles Wood.
17:36 of 1st period - Shot Misses the Net.
17:38 of 1st period - Shot by Sean Walker.
17:38 of 1st period - Shot Blocked by Carson Soucy.
17:40 of 1st period - Shot by Dustin Brown.
17:40 of 1st period - Shot Misses the Net.
17:42 of 1st period - Shot by Miles Wood.
17:42 of 1st period - Shot Blocked by Carson Soucy.
17:44 of 1st period - Shot by Danny DeKeyser.
17:44 of 1st period - Stopped by Frederik Andersen with a rebound.
17:46 of 1st period - Shot by Sean Walker.
17:46 of 1st period - Shot Misses the Net.
19:21 of 1st period - Shot by Kasperi Kapanen.
19:21 of 1st period - Shot Misses the Net.
Goals for this period are 0 for Canadiens vs 2 for Red Wings.
Shots for this period are 8 for Canadiens vs 13 for Red Wings.

2nd period


0:01 of 2nd period - Derick Brassard wins face-off versus Auston Matthews in neutral zone.
0:10 of 2nd period - Shot by Jakob Chychrun.
0:10 of 2nd period - Shot Blocked by John Carlson.
0:12 of 2nd period - Shot by Darnell Nurse.
0:12 of 2nd period - Shot Blocked by Carson Soucy.
0:34 of 2nd period - Shot by Dustin Brown.
0:34 of 2nd period - Stopped by Frederik Andersen with a rebound.
1:09 of 2nd period - Gustav Nyquist is hit by Brandon Carlo and loses puck.
1:26 of 2nd period - Shot by Brandon Carlo.
1:26 of 2nd period - Stopped by Vitek Vanecek without a rebound.
1:27 of 2nd period - Sean Couturier wins face-off versus Brayden Schenn in Red Wings zone.
1:41 of 2nd period - Brayden Schenn is hit by Danny DeKeyser.
1:51 of 2nd period - Shot by Jonathan Huberdeau.
1:51 of 2nd period - Shot Misses the Net.
1:53 of 2nd period - Shot by T.J. Brodie.
1:53 of 2nd period - Shot Misses the Net.
2:03 of 2nd period - Shot by Clayton Keller.
2:03 of 2nd period - Shot Blocked by Sean Walker.
2:05 of 2nd period - Shot by Clayton Keller.
2:05 of 2nd period - Stopped by Vitek Vanecek without a rebound.
2:06 of 2nd period - Derick Brassard wins face-off versus Joakim Nordstrom in Red Wings zone.
2:12 of 2nd period - Jakob Chychrun is hit by Colton Sceviour.
2:22 of 2nd period - Darnell Nurse is hit by Joakim Nordstrom and loses puck.
2:38 of 2nd period - Derick Brassard is hit by Jake Muzzin and loses puck.
2:43 of 2nd period - Shot by Miles Wood.
2:43 of 2nd period - Shot Misses the Net.
2:45 of 2nd period - Shot by Dustin Brown.
2:45 of 2nd period - Shot Misses the Net.
2:47 of 2nd period - Shot by Darnell Nurse.
2:47 of 2nd period - Shot Misses the Net.
3:04 of 2nd period - Jake Muzzin is hit by Oliver Ekman-Larsson and loses puck.
3:39 of 2nd period - Shot by Gustav Nyquist.
3:39 of 2nd period - Deflect By Conor Garland.
3:39 of 2nd period - Shot Misses the Net.
3:49 of 2nd period - Shot by Tyler Bertuzzi.
3:49 of 2nd period - Shot Blocked by Carson Soucy.
4:38 of 2nd period - Sean Walker is hit by Morgan Rielly and loses puck.
4:46 of 2nd period - Icing by Morgan Rielly.
4:47 of 2nd period - Tyler Ennis wins face-off versus Jonathan Huberdeau in Canadiens zone.
4:51 of 2nd period - Icing by T.J. Brodie.
4:52 of 2nd period - Brayden Schenn wins face-off versus Derick Brassard in Canadiens zone.
4:54 of 2nd period - Clayton Keller is hit by Miles Wood.
5:08 of 2nd period - Icing by Jakob Chychrun.
5:09 of 2nd period - Radek Faksa wins face-off versus Derick Brassard in Red Wings zone.
5:09 of 2nd period - Kasperi Kapanen is hit by Darnell Nurse and loses puck.
5:14 of 2nd period - Shot by Adam Henrique.
5:14 of 2nd period - Stopped by Vitek Vanecek with a rebound.
5:16 of 2nd period - Shot by Kasperi Kapanen.
5:16 of 2nd period - Shot Blocked by Dustin Brown.
5:18 of 2nd period - Shot by Adam Henrique.
5:18 of 2nd period - Shot Blocked by Darnell Nurse.
5:27 of 2nd period - Minor Penalty to Kasperi Kapanen for Cross-checking.
5:28 of 2nd period - Colton Sceviour wins face-off versus Sean Couturier in Canadiens zone.
5:55 of 2nd period - Shot by Conor Garland.
5:55 of 2nd period - Shot Misses the Net.
6:05 of 2nd period - Shot by Sean Couturier.
6:05 of 2nd period - Shot Misses the Net.
6:42 of 2nd period - Off-side.
6:43 of 2nd period - Gustav Nyquist wins face-off versus Adam Henrique in neutral zone.
6:56 of 2nd period - Shot by Jakob Chychrun.
6:56 of 2nd period - Shot Blocked by Carson Soucy.
6:58 of 2nd period - Shot by Jakob Chychrun.
6:58 of 2nd period - Stopped by Frederik Andersen with a rebound.
7:00 of 2nd period - Shot by Jakob Chychrun.
7:00 of 2nd period - Shot Misses the Net.
7:02 of 2nd period - Shot by Gustav Nyquist.
7:02 of 2nd period - Stopped by Frederik Andersen without a rebound.
7:03 of 2nd period - Gustav Nyquist wins face-off versus Colton Sceviour in Canadiens zone.
7:38 of 2nd period - Shot by Tyler Ennis.
7:38 of 2nd period - Stopped by Frederik Andersen without a rebound.
7:39 of 2nd period - Kyle Turris wins face-off versus Brayden Schenn in Canadiens zone.
7:44 of 2nd period - Shot by Kyle Turris.
7:44 of 2nd period - Deflect By Drake Caggiula.
7:44 of 2nd period - Stopped by Frederik Andersen with a rebound.
7:58 of 2nd period - Shot by Brayden Schenn.
7:58 of 2nd period - Stopped by Vitek Vanecek without a rebound.
7:59 of 2nd period - Sean Couturier wins face-off versus Auston Matthews in Red Wings zone.
8:18 of 2nd period - Shot by Jakub Vrana.
8:18 of 2nd period - Shot Misses the Net.
8:37 of 2nd period - Icing by Oliver Ekman-Larsson.
8:38 of 2nd period - Sean Couturier wins face-off versus Adam Henrique in Red Wings zone.
8:38 of 2nd period - Jack Johnson is hit by Kasperi Kapanen and loses puck.
9:13 of 2nd period - Carson Soucy is hit by Darnell Nurse and loses puck.
9:19 of 2nd period - Minor Penalty to Darnell Nurse for Interference.
9:20 of 2nd period - Sean Couturier wins face-off versus Auston Matthews in Red Wings zone.
9:26 of 2nd period - Icing by Auston Matthews.
9:27 of 2nd period - Sean Couturier wins face-off versus Auston Matthews in Canadiens zone.
9:40 of 2nd period - Shot by Jonathan Huberdeau.
9:40 of 2nd period - Stopped by Vitek Vanecek without a rebound.
9:41 of 2nd period - Drake Caggiula wins face-off versus Adam Henrique in Red Wings zone.
10:55 of 2nd period - Shot by Mitch Marner.
10:55 of 2nd period - Stopped by Vitek Vanecek without a rebound.
10:56 of 2nd period - Sean Couturier wins face-off versus Auston Matthews in Red Wings zone.
11:13 of 2nd period - Shot by Brayden Schenn.
11:13 of 2nd period - Shot Misses the Net.
11:15 of 2nd period - Shot by Auston Matthews.
11:15 of 2nd period - Shot Misses the Net.
11:17 of 2nd period - Shot by Jake Muzzin.
11:17 of 2nd period - Shot Misses the Net.
11:51 of 2nd period - Shot by Dustin Brown.
11:51 of 2nd period - Deflect By Derick Brassard.
11:51 of 2nd period - Shot Blocked by Morgan Rielly.
12:55 of 2nd period - Minor Penalty to Radek Faksa for Holding Stick.
12:56 of 2nd period - Sean Couturier wins face-off versus Colton Sceviour in Canadiens zone.
13:37 of 2nd period - Shot by Sean Couturier.
13:37 of 2nd period - Shot Misses the Net.
14:47 of 2nd period - Shot by Conor Garland.
14:47 of 2nd period - Shot Blocked by Kasperi Kapanen.
14:49 of 2nd period - Shot by Oliver Ekman-Larsson.
14:49 of 2nd period - Shot Misses the Net.
14:51 of 2nd period - Shot by Sean Couturier.
14:51 of 2nd period - Stopped by Frederik Andersen without a rebound.
14:52 of 2nd period - Colton Sceviour wins face-off versus Gustav Nyquist in Canadiens zone.
14:52 of 2nd period - Colton Sceviour is hit by Tyler Bertuzzi.
15:12 of 2nd period - Shot by Drake Caggiula.
15:12 of 2nd period - Stopped by Frederik Andersen without a rebound.
15:13 of 2nd period - Kyle Turris wins face-off versus Auston Matthews in Canadiens zone.
15:53 of 2nd period - Icing by Danny DeKeyser.
15:54 of 2nd period - Brayden Schenn wins face-off versus Kyle Turris in Red Wings zone.
16:00 of 2nd period - Off-side.
16:01 of 2nd period - Gustav Nyquist wins face-off versus Jonathan Huberdeau in neutral zone.
16:01 of 2nd period - Gustav Nyquist is hit by Brayden Schenn.
16:13 of 2nd period - Shot by Jonathan Huberdeau.
16:13 of 2nd period - Stopped by Vitek Vanecek without a rebound.
16:14 of 2nd period - Sean Couturier wins face-off versus Colton Sceviour in Red Wings zone.
16:19 of 2nd period - Shot by Sean Couturier.
16:19 of 2nd period - Stopped by Frederik Andersen without a rebound.
16:20 of 2nd period - Brayden Schenn wins face-off versus Gustav Nyquist in Canadiens zone.
16:35 of 2nd period - Shot by Brayden Schenn.
16:35 of 2nd period - Stopped by Vitek Vanecek without a rebound.
16:36 of 2nd period - Sean Couturier wins face-off versus Auston Matthews in Red Wings zone.
16:36 of 2nd period - Sean Couturier is hit by Mitch Marner.
16:37 of 2nd period - Minor Penalty to Auston Matthews for Roughing.
16:38 of 2nd period - Sean Couturier wins face-off versus Colton Sceviour in Canadiens zone.
16:57 of 2nd period - Icing by Jakub Vrana.
16:58 of 2nd period - Sean Couturier wins face-off versus Colton Sceviour in Red Wings zone.
17:11 of 2nd period - Shot by Jakub Vrana.
17:11 of 2nd period - Shot Misses the Net.
17:13 of 2nd period - Shot by Darnell Nurse.
17:13 of 2nd period - Shot Blocked by Carson Soucy.
17:15 of 2nd period - Shot by Sean Couturier.
17:15 of 2nd period - Shot Misses the Net.
17:17 of 2nd period - Shot by Darnell Nurse.
17:17 of 2nd period - Shot Misses the Net.
17:19 of 2nd period - Shot by Darnell Nurse.
17:19 of 2nd period - Shot Misses the Net.
17:21 of 2nd period - Shot by Jakob Chychrun.
17:21 of 2nd period - Shot Misses the Net.
17:32 of 2nd period - Shot by Jakob Chychrun.
17:32 of 2nd period - Shot Blocked by Carson Soucy.
18:16 of 2nd period - Shot by Oliver Ekman-Larsson.
18:16 of 2nd period - Stopped by Frederik Andersen with a rebound.
19:06 of 2nd period - Shot by Danny DeKeyser.
19:06 of 2nd period - Shot Misses the Net.
Goals for this period are 0 for Canadiens vs 0 for Red Wings.
Shots for this period are 8 for Canadiens vs 9 for Red Wings.

3rd period


0:01 of 3rd period - Radek Faksa wins face-off versus Gustav Nyquist in neutral zone.
0:01 of 3rd period - Radek Faksa is hit by Gustav Nyquist.
0:10 of 3rd period - Radek Faksa is hit by Darnell Nurse and loses puck.
0:20 of 3rd period - Shot by Gustav Nyquist.
0:20 of 3rd period - Stopped by Frederik Andersen without a rebound.
0:21 of 3rd period - Auston Matthews wins face-off versus Sean Couturier in Canadiens zone.
0:35 of 3rd period - Shot by Auston Matthews.
0:35 of 3rd period - Deflect By Mitch Marner.
0:35 of 3rd period - Shot Misses the Net.
0:37 of 3rd period - Shot by Auston Matthews.
0:37 of 3rd period - Shot Misses the Net.
0:39 of 3rd period - Shot by Zach Hyman.
0:39 of 3rd period - Goal by Zach Hyman - Canadiens : 1 - Red Wings : 2.
0:40 of 3rd period - Radek Faksa wins face-off versus Nino Niederreiter in neutral zone.
1:00 of 3rd period - Icing by Darnell Nurse.
1:01 of 3rd period - Zach Hyman wins face-off versus Gustav Nyquist in Red Wings zone.
1:18 of 3rd period - Shot by Zach Hyman.
1:18 of 3rd period - Shot Misses the Net.
1:20 of 3rd period - Shot by Zach Hyman.
1:20 of 3rd period - Stopped by Vitek Vanecek with a rebound.
1:22 of 3rd period - Shot by John Carlson.
1:22 of 3rd period - Stopped by Vitek Vanecek without a rebound.
1:23 of 3rd period - Radek Faksa wins face-off versus Sean Couturier in Red Wings zone.
1:38 of 3rd period - Shot by Radek Faksa.
1:38 of 3rd period - Shot Blocked by Jack Johnson.
2:27 of 3rd period - Off-side.
2:28 of 3rd period - Gustav Nyquist wins face-off versus Auston Matthews in neutral zone.
2:38 of 3rd period - Auston Matthews is hit by Danny DeKeyser and loses puck.
2:41 of 3rd period - Shot by Mitch Marner.
2:41 of 3rd period - Stopped by Vitek Vanecek without a rebound.
2:42 of 3rd period - Brayden Schenn wins face-off versus Derick Brassard in Red Wings zone.
2:45 of 3rd period - Shot by Jonathan Huberdeau.
2:45 of 3rd period - Stopped by Vitek Vanecek without a rebound.
2:46 of 3rd period - Gustav Nyquist wins face-off versus Brayden Schenn in Red Wings zone.
2:46 of 3rd period - Gustav Nyquist is hit by Brayden Schenn.
3:08 of 3rd period - Shot by Nino Niederreiter.
3:08 of 3rd period - Stopped by Frederik Andersen without a rebound.
3:09 of 3rd period - Auston Matthews wins face-off versus Derick Brassard in Canadiens zone.
3:26 of 3rd period - Icing by Jakob Chychrun.
3:27 of 3rd period - Derick Brassard wins face-off versus Andrew Copp in Red Wings zone.
5:55 of 3rd period - Shot by Brayden Schenn.
5:55 of 3rd period - Shot Misses the Net.
5:57 of 3rd period - Shot by Clayton Keller.
5:57 of 3rd period - Stopped by Vitek Vanecek with a rebound.
5:59 of 3rd period - Shot by Jake Muzzin.
5:59 of 3rd period - Deflect By Clayton Keller.
5:59 of 3rd period - Stopped by Vitek Vanecek without a rebound.
6:00 of 3rd period - Derick Brassard wins face-off versus Radek Faksa in Red Wings zone.
6:13 of 3rd period - Shot by Radek Faksa.
6:13 of 3rd period - Shot Blocked by Jakob Chychrun.
6:15 of 3rd period - Shot by Radek Faksa.
6:15 of 3rd period - Stopped by Vitek Vanecek with a rebound.
6:17 of 3rd period - Shot by Radek Faksa.
6:17 of 3rd period - Shot Misses the Net.
6:19 of 3rd period - Shot by Jake Muzzin.
6:19 of 3rd period - Stopped by Vitek Vanecek without a rebound.
6:20 of 3rd period - Brayden Schenn wins face-off versus Kyle Turris in Red Wings zone.
6:45 of 3rd period - Shot by Kyle Turris.
6:45 of 3rd period - Stopped by Frederik Andersen without a rebound.
6:46 of 3rd period - Auston Matthews wins face-off versus Sean Couturier in Canadiens zone.
7:20 of 3rd period - Brandon Carlo is hit by Jack Johnson and loses puck.
7:23 of 3rd period - Shot by Zach Hyman.
7:23 of 3rd period - Stopped by Vitek Vanecek without a rebound.
7:24 of 3rd period - Gustav Nyquist wins face-off versus Brayden Schenn in Red Wings zone.
7:24 of 3rd period - Gustav Nyquist is hit by Brayden Schenn.
7:40 of 3rd period - Shot by Jonathan Huberdeau.
7:40 of 3rd period - Stopped by Vitek Vanecek without a rebound.
7:41 of 3rd period - Radek Faksa wins face-off versus Derick Brassard in Red Wings zone.
8:42 of 3rd period - Minor Penalty to Brandon Carlo for Hooking.
8:43 of 3rd period - Sean Couturier wins face-off versus Joakim Nordstrom in Canadiens zone.
9:06 of 3rd period - Shot by Joakim Nordstrom.
9:06 of 3rd period - Stopped by Vitek Vanecek without a rebound.
9:07 of 3rd period - Gustav Nyquist wins face-off versus Radek Faksa in Red Wings zone.
10:54 of 3rd period - Jake Muzzin is hit by Jack Johnson and loses puck.
11:15 of 3rd period - Jake Muzzin is hit by Drake Caggiula and loses puck.
11:58 of 3rd period - Shot by Jonathan Huberdeau.
11:58 of 3rd period - Deflect By Brayden Schenn.
11:58 of 3rd period - Shot Misses the Net.
12:19 of 3rd period - Icing by Sean Walker.
12:20 of 3rd period - Dustin Brown wins face-off versus Kasperi Kapanen in Red Wings zone.
12:37 of 3rd period - Shot by Kasperi Kapanen.
12:37 of 3rd period - Stopped by Vitek Vanecek without a rebound.
12:38 of 3rd period - Andrew Copp wins face-off versus Sean Couturier in Red Wings zone.
12:54 of 3rd period - Icing by Jakob Chychrun.
12:55 of 3rd period - Auston Matthews wins face-off versus Sean Couturier in Red Wings zone.
13:11 of 3rd period - Shot by Zach Hyman.
13:11 of 3rd period - Stopped by Vitek Vanecek without a rebound.
13:12 of 3rd period - Radek Faksa wins face-off versus Gustav Nyquist in Red Wings zone.
13:33 of 3rd period - Shot by Kasperi Kapanen.
13:33 of 3rd period - Stopped by Vitek Vanecek without a rebound.
13:34 of 3rd period - Tyler Bertuzzi wins face-off versus Auston Matthews in Red Wings zone.
14:17 of 3rd period - Icing by Sean Couturier.
14:18 of 3rd period - Brayden Schenn wins face-off versus Sean Couturier in Red Wings zone.
14:18 of 3rd period - Jonathan Huberdeau is hit by Darnell Nurse and loses puck.
14:24 of 3rd period - Icing by Sean Couturier.
14:25 of 3rd period - Sean Couturier wins face-off versus Andrew Copp in Red Wings zone.
14:27 of 3rd period - Icing by Jakub Vrana.
14:28 of 3rd period - Sean Couturier wins face-off versus Andrew Copp in Red Wings zone.
14:28 of 3rd period - Sean Couturier is hit by Colton Sceviour.
14:47 of 3rd period - Shot by Sean Couturier.
14:47 of 3rd period - Deflect By Jakub Vrana.
14:47 of 3rd period - Stopped by Frederik Andersen without a rebound.
14:48 of 3rd period - Gustav Nyquist wins face-off versus Brayden Schenn in Canadiens zone.
14:50 of 3rd period - Conor Garland is hit by Carson Soucy and loses puck.
14:59 of 3rd period - Shot by Clayton Keller.
14:59 of 3rd period - Shot Misses the Net.
15:43 of 3rd period - Icing by Jonathan Huberdeau.
15:44 of 3rd period - Derick Brassard wins face-off versus Brayden Schenn in Canadiens zone.
15:49 of 3rd period - Shot by Jakob Chychrun.
15:49 of 3rd period - Shot Misses the Net.
16:11 of 3rd period - Jakob Chychrun is hit by Radek Faksa and loses puck.
17:53 of 3rd period - Shot by Jake Muzzin.
17:53 of 3rd period - Deflect By Colton Sceviour.
17:53 of 3rd period - Stopped by Vitek Vanecek without a rebound.
17:54 of 3rd period - Kyle Turris wins face-off versus Auston Matthews in Red Wings zone.
18:43 of 3rd period - Off-side.
18:44 of 3rd period - Andrew Copp wins face-off versus Gustav Nyquist in neutral zone.
19:01 of 3rd period - Canadiens, Frederik Andersen is pulled from the net.
19:01 of 3rd period - Shot by Colton Sceviour.
19:01 of 3rd period - Stopped by Vitek Vanecek without a rebound.
19:02 of 3rd period - Auston Matthews wins face-off versus Sean Couturier in Red Wings zone.
19:03 of 3rd period - Shot by Jonathan Huberdeau.
19:03 of 3rd period - Shot Blocked by Jack Johnson.
19:11 of 3rd period - Shot by Sean Couturier.
19:11 of 3rd period - Shot Misses the Net.
19:13 of 3rd period - Shot by Miles Wood.
19:13 of 3rd period - Goal by Miles Wood - Canadiens : 1 - Red Wings : 3.
19:13 of 3rd period - Frederik Andersen from Canadiens was sent back in the game.
19:14 of 3rd period - Gustav Nyquist wins face-off versus Andrew Copp in neutral zone.
19:43 of 3rd period - Shot by Colton Sceviour.
19:43 of 3rd period - Shot Misses the Net.
Goals for this period are 1 for Canadiens vs 1 for Red Wings.
Shots for this period are 17 for Canadiens vs 5 for Red Wings.




Output by the SimonT Hockey Simulator (STHS) for Eric Henault - Original Page W3C HTML5 Valid
Hockey Simulator - Hockey Simulation - Hockey Manager